 Dungeon Crawl Stone Soup version 0.28-a0-1616-g050a50673c (webtiles) character file.

Game seed: 12583332085309022860

31 croobank the Skirmisher (level 3, 0/33 HPs)
             Began as a Draconian Abyssal Knight on Jan 22, 2022.
             Was a Follower of Lugonu.
             Succumbed to a goblin's poison
             ... on level 2 of the Dungeon.
             The game lasted 00:03:19 (1239 turns).

croobank the Skirmisher (Draconian Abyssal Knight)  Turns: 1239, Time: 00:03:19

Health: 0/33       AC:  5    Str: 17    XL:     3   Next: 7%
Magic:  4/4        EV: 12    Int: 10    God:    Lugonu [*.....]
Gold:   74         SH:  0    Dex: 11    Spells: 2/2 levels left

rFire   . . .      SeeInvis .   a - +1 hand axe
rCold   . . .      Faith    .   (no shield)
rNeg    . . .      Spirit   .   (armour unavailable)
rPois   .          Reflect  .   (helmet restricted)
rElec   .          Harm     .   (no cloak)
rCorr   .          Rampage  .   (no gloves)
Will    .....                   (no boots)
Stlth   +.........              (no amulet)
HPRegen 0.11/turn               (no ring)
MPRegen 0.09/turn               (no ring)

@: lethally poisoned (0 -> -1), about to teleport, flying
A: AC +5, unfitting armour, cold-blooded
a: Renounce Religion, Depart the Abyss


You were on level 2 of the Dungeon.
You worshipped Lugonu.
Lugonu was aware of your devotion.
You visited 1 branch of the dungeon, and saw 2 of its levels.
You visited the Abyss 1 time.

You collected 74 gold pieces.

Inventory:

Hand Weapons
 a - a +1 hand axe (weapon)
 g - a +1 antimagic dagger
 h - a +0 hunting sling
Missiles
 c - 16 bolts
 d - 56 arrows
 f - 22 sling bullets
 i - 24 stones


   Skills:
 + Level 3.7 Fighting
 + Level 2.4 Axes
 + Level 2.5 Dodging
 + Level 2.5 Invocations


You had 2 spell levels left.
You didn't know any spells.
Your spell library was empty.

Dungeon Overview and Level Annotations

Branches:
Dungeon (2/15)

Altars:

Annotations:
D:2 Robin


Innate Abilities, Weirdness & Mutations

Your plain brown scales are hard. (AC +5)
You cannot fit into any form of body armour.
You are cold-blooded and may be slowed by cold attacks.


Message History

The goblin hits you with a +0 club.
You have reached level 3!
Your experience leads to an increase in your attributes!
Increase (S)trength, (I)ntelligence, or (D)exterity?
You feel stronger. x2; Your scales feel tougher.
You hit Robin.
Robin is moderately wounded.
You hit the hobgoblin.
You kill the hobgoblin!
Lugonu accepts your kill.
You closely miss the goblin.
You feel sick. The goblin hits you with a +0 club. Robin closely misses you.
You barely miss Robin.
Robin is moderately wounded.
You hit the goblin.
You feel sick. The goblin hits you with a +0 club.
Robin hits you with a +0 falchion. The goblin hits you but does no damage.
Unknown command.
You hit Robin but do no damage.
Robin is moderately wounded.
You hit the goblin but do no damage. You hit the goblin.
You feel sick. The goblin misses you. The goblin barely misses you.
It was a potion of flight.
You feel very buoyant.
You fly up into the air.
You feel sick. The goblin hits you with a +0 club.
* * * LOW HITPOINT WARNING * * *
Robin hits you with a +0 falchion.
* * * LOW HITPOINT WARNING * * *
The goblin hits you but does no damage.
You hit Robin.
Robin is heavily wounded.
You closely miss the goblin. You hit the goblin.
You kill the goblin!
Lugonu accepts your kill.
* * * LOW HITPOINT WARNING * * *
You feel sick. The goblin completely misses you.
Robin roars a battlecry!
The goblins go into a battle-frenzy!
As you read the scroll labelled NECIFUXOUBB, it crumbles to dust.
You feel strangely unstable.
It was a scroll of teleportation.
You die...

+#####'#........##....gg
.#'###.#........##......
.......#........##.....
.......#........##...
......##........##.# ####
......++...........# #...
......##........gg.# #...
......##.......gg#.# #...
......##########@#........
+... .###### #)#########
#... .# ... #... .# #...+
#..< .####### #...# ####
.......# #...# ####
######.# #...# ....
#.############ ####
#.#.....#


You could see Robin, a hobgoblin (strong) and 2 goblins.

Vanquished Creatures
  An adder (D:2)
  An endoplasm (D:1)
  2 giant cockroaches (D:1)
  8 goblins
  2 hobgoblins
  A quokka (D:1)
  2 ball pythons
  A frilled lizard (D:1)
  A rat (D:2)
19 creatures vanquished.

Notes
Turn   | Place    | Note
-------+----------+-------------------------------------------
     0 | Abyss:1  | croobank the Draconian Abyssal Knight began the quest for
                  | the Orb.
     0 | Abyss:1  | Reached XP level 1. HP: 19/19 MP: 2/2
    65 | Abyss:2  | Noticed a small abomination
    69 | D:1      | Escaped the Abyss
   693 | D:1      | Reached XP level 2. HP: 23/26 MP: 3/3
   712 | D:1      | Found a faded altar of an unknown god.
  1222 | D:2      | Noticed Robin
  1231 | D:2      | Reached * piety under Lugonu
  1234 | D:2      | Reached XP level 3. HP: 22/33 MP: 4/4
  1238 | D:2      | HP: 1/33 [poisoned by a goblin]
  1239 | D:2      | Succumbed to a goblin's poison

Illustrated notes

Levels and vault maps discovered:
D:1:      mushboom_english_gardens, layout_basic,
          ebering_ecumenical_altar_petrified
D:2:      layout_basic, serial_shops, nicolae_square_shop, uniq_jessica,
          uniq_terence, uniq_robin

Action                   || total
-------------------------++-------
Melee: Hand axe          ||    59
       Tailslap          ||     6
Invok: Depart the Abyss  ||     1
  Use: Scroll            ||     1
       Potion            ||     1
 Stab: Sleeping          ||     1
Armor: Skin              ||    24
Dodge: Dodged            ||    39

Table legend: (Time is in decaauts)
 A = Elapsed time spent in this place.
 B = Non-inter-level travel time spent in this place.
 C = Inter-level travel time spent in this place.
 D = Time resting spent in this place.
 E = Time spent auto-exploring this place.
 F = Levels seen in this place.
 G = Mean time per level.
                   A        B        C        D        E       F      G
               +--------+--------+--------+--------+--------+-----+--------+
         Total |   1250 |   1206 |     44 |      0 |    944 |   4 |  312.5 |
       Dungeon |   1180 |   1136 |     44 |      0 |    915 |   2 |  590.0 |
         Abyss |     69 |     69 |      0 |      0 |     29 |   2 |   34.5 |
               +--------+--------+--------+--------+--------+-----+--------+

Top non-repeatable levels by time:
     D:1: 945 daAuts
     D:2: 235 daAuts
 Abyss:1: 36 daAuts
 Abyss:2: 33 daAuts
